 Dungeon Crawl Stone Soup version 0.31-a0-700-gf13585253f (webtiles) character file.

Game seed: 10737562473246050328

127761 qw the Crack Shot (level 17, -1/113 HPs)
             Began as a Gargoyle Hunter on Sept 7, 2023.
             Was an Elder of Okawaru.
             Slain by Donald
             ... wielding a +2 antimagic eveningstar
              (32 damage)
             ... on level 1 of the Swamp.
             The game lasted 00:13:29 (24787 turns).

qw the Crack Shot (Gargoyle Hunter)                Turns: 24787, Time: 00:13:30

Health: -1/113     AC: 26    Str: 21    XL:     17   Next: 1%
Magic:  2/24       EV: 34    Int:  9    God:    Okawaru [****..]
Gold:   365        SH:  0    Dex: 29    Spells: 16/16 levels left

rFire   . . .        Y - +1 hand cannon (freeze)
rCold   + . .        (no shield)
rNeg    + . .        c - +1 robe of Infinity {rC+ Dex+2 Slay+2}
rPois   inf          o - +2 helmet
rElec   +            d - +0 cloak
rCorr   .            n - +0 pair of fencer's gloves {Riposte Dex+3}
SInv    .            k - +1 pair of boots
Will    +....        f - amulet of the acrobat
Stlth   ++++         m - +5 ring of evasion
HPRegen 0.38/turn    e - +6 ring of dexterity
MPRegen 0.19/turn

%: acrobat
@: heroic, flying
A: sickness immunity, AC +12, big wings, negative energy resistance 1,
electricity resistance, torment resistance 1, petrification resistance, strong
1, subdued magic 1
a: Renounce Religion, Heroism, Finesse


You were on level 1 of the Swamp.
You worshipped Okawaru.
Okawaru was greatly pleased with you.
You visited 6 branches of the dungeon, and saw 27 of its levels.
You also visited: Ossuary.

You collected 2594 gold pieces.
You spent 2229 gold pieces at shops.


Innate Abilities, Weirdness & Mutations

You are immune to sickness and miasma.
Your stone body is resilient. (AC +12)
You are immune to poison.
Your large and strong wings let you fly.
You resist negative energy. (rN+)
You are resistant to electric shocks. (rElec)
You are resistant to unholy torment.
You are immune to petrification.
Your muscles are strong. (Str +4, Int/Dex -1)
Your spells are a little easier to cast, but a little less powerful.


   Skills:
 - Level 15.0(20.0) Fighting
 - Level 21.7(26.7) Ranged Weapons
 - Level 7.0(12.0) Armour
 + Level 10.2(15.2) Dodging
 - Level 1.1(6.1) Stealth
 - Level 10.0 Invocations


You had 16 spell levels left.
You didn't know any spells.
Your spell library was empty.

Inventory:

Hand Weapons
 Y - a +1 hand cannon of freezing (weapon)
Armour
 c - the +1 robe of Infinity (worn) {rC+ Dex+2 Slay+2}
   (You found it on level 1 of the Swamp)

   Dex+2:     It affects your dexterity (+2).
   Slay+2:    It affects your accuracy & damage with ranged weapons and melee
   (+2).
   rC+:       It protects you from cold.
 d - a +0 cloak (worn)
 k - a +1 pair of boots (worn)
 n - the +0 pair of fencer's gloves (worn) {Riposte Dex+3}
   (You bought it in a shop on level 15 of the Dungeon)

   Riposte:   It allows the wearer to riposte with melee weapons, swiftly
   retaliating against missed or blocked melee attacks.
   Dex+3:     It affects your dexterity (+3).
 o - a +2 helmet (worn)
Jewellery
 e - a +6 ring of dexterity (right hand)
 f - an amulet of the acrobat (around neck)
 j - a ring of protection from fire
 m - a +5 ring of evasion (left hand)
Wands
 v - a wand of digging (39)
Scrolls
 a - 15 scrolls of identify
 h - 12 scrolls of teleportation
Potions
 b - 4 potions of enlightenment
 g - a potion of magic
 i - 9 potions of curing
 l - 2 potions of cancellation
 p - 4 potions of mutation
 q - 3 potions of heal wounds
 r - 4 potions of resistance
 s - a potion of haste
 u - 6 potions of might

Dungeon Overview and Level Annotations

Branches:
Dungeon (15/15)            Temple (1/1) D:7            Lair (5/5) D:10
  Swamp (1/4) Lair:3        Snake (3/4) Lair:2        Slime (0/5) Lair:4
    Orc (2/2) D:11            Elf (0/3) Orc:2        Vaults (0/5) D:13
 Depths (0/4) D:15        Ossuary (visited)

Altars:
Ashenzari
Cheibriados
Dithmenos
Elyvilon
Fedhas
Gozag
Hepliaklqana
Kikubaaqudgha
Makhleb
Nemelex Xobeh
Okawaru
Qazlal
Ru
Sif Muna
Trog
Uskayaw
Vehumet
Wu Jian
Xom
Yredelemnul
Zin
The Shining One
Jiyva

Shops:
D:4 =   D:7 [   D:9 *   D:12 [   D:13 (   D:15 [   Orc:1 ?=**   Orc:2 :=((
Snake:1 ((   Snake:2 *?

Annotations:
D:15 3 runed translucent doors, qw's ghost, journeyman GrHu
Lair:4 4 runed translucent doors, qw's ghost, journeyman MiHs
Lair:5 1 runed translucent door, qw's ghost, journeyman GrFi
Swamp:1 2 transporters, Donald
Orc:1 1 transporter


Message History

Donald seems to grow stronger.
The eleionoma hits you!
Donald says, "The more heads they grow, the more I hate hydras."
Donald completely misses you.
You shoot a bolt. The bolt hits the eleionoma!
The bolt freezes the eleionoma.
The eleionoma is lightly wounded.
The eleionoma hurls a spray of splinters at you.
The spray of wooden splinters misses you.
Donald hits you with a +2 antimagic eveningstar!!
You feel your power leaking away.
A swamp worm comes into view.
Enter note:
Enter note:
24783 |||
Found retreat position at 1,1 (floor) with 0 blocking monsters and 2 monsters attacking at destination at distance 1
Enter note:
Enter note:
24783 ||| Stepping ~*~*~tactically~*~*~ (retreating).
Donald says, "My feet hurt."
Donald hits you with a +2 antimagic eveningstar!
You feel your power leaking away.
You shoot a bolt. The bolt hits the eleionoma.
The bolt freezes the eleionoma.
The eleionoma is lightly wounded.
Donald says, "Nice kit."
Donald hits you with a +2 antimagic eveningstar!!
You feel your power leaking away. The eleionoma completely misses you.
You shoot a bolt. The bolt hits the eleionoma!
The bolt freezes the eleionoma.
The eleionoma is moderately wounded.
Donald completely misses you.
The eleionoma splashes around in the water.
Donald closely misses you.
You shoot a bolt. The bolt hits the eleionoma.
The bolt freezes the eleionoma.
The eleionoma is heavily wounded.
Donald closely misses you.
The eleionoma hurls a spray of splinters at you.
The spray of wooden splinters misses you.
You shoot a bolt. The bolt hits the eleionoma!
The bolt freezes the eleionoma.
The eleionoma is severely wounded.
Donald hits you with a +2 antimagic eveningstar!!
You die...
Donald says, "I won.
I... don't hate that."

~~.~.~~ ~.~~~~. 77
~~.....77.77
..~~.......77
.~~.~..~~.¤.77
~.~..$..7.~.~7
.~.~...~.....77
~.~.w~~R7.7~~~777
~.~....@@..7....7
..¤..~¤77¤~.~.~~~
........¤..7.77~7
.#########..77
##[..f.fi##.777
#8.##.##f8#...777 #..
#.##nf#.....77.
~..#.(.....=f#..?~....
~.^#..^.8...^#^.~~~~~~


You could see 2 shambling mangroves, Donald (fast, strong, reflecting), an
eleionoma and a swamp worm.

Vanquished Creatures
  Rupert (D:15)
  2 nagarajas
  An orc warlord (Orc:2)
  2 eleionomae
  Azrael (Snake:3)
  An ettin (D:15)
  Josephine (D:13)
  8 hydras
  3 centaur warriors
  3 alligators (Swamp:1)
  A boulder beetle (D:13)
  2 two-headed ogres
  3 naga warriors
  2 tengu warriors (D:14)
  10 death yaks (Lair:4)
  6 anacondas
  An orc high priest (Orc:2)
  4 naga sharpshooters
  Nergalle (Lair:2)
  2 skysharks
  A skeletal warrior (D:13)
  An iron troll (D:13)
  A goliath frog (Swamp:1)
  A deep troll (D:15)
  2 salamander mystics (Snake:3)
  2 swamp dragons (Swamp:1)
  A naga ritualist (Snake:1)
  2 orc knights
  A wolf spider zombie (D:13)
  A necromancer (D:15)
  11 ugly things
  A deep elf pyromancer (D:14)
  A deep elf zephyrmancer (D:15)
  5 orc sorcerers (Orc:2)
  7 mana vipers
  10 salamanders
  3 wizards (D:15)
  7 elephants
  2 cyclopes
  7 centaur zombies (D:13)
  A rust devil (D:12)
  4 manticores
  12 naga magi
  Maurice (D:10)
  2 guardian serpents (Snake:2)
  19 black mambas
  A torpor snail (Lair:2)
  A gargoyle (D:11)
  12 cane toads
  6 centaur skeletons (D:13)
  5 kobold demonologists
  A yaktaur (shapeshifter) (D:13)
  5 rime drakes
  13 komodo dragons
  2 freezing wraiths
  3 tengu conjurers (D:13)
  13 polar bears
  A polar bear (shapeshifter) (D:15)
  6 trolls
  4 hornets
  Prince Ribbit (D:8)
  12 blink frogs
  7 dream sheep
  A dream sheep (shapeshifter) (D:15)
  2 raiju (Lair:5)
  A jumping spider (shapeshifter) (D:13)
  4 flying skulls (D:13)
  3 slime creatures (D:12)
  3 shadows
  A vampire (D:10)
  4 wyverns
  6 wraiths
  2 fire elementals (Snake:3)
  60 yaks
  3 spriggans (Swamp:1)
  7 basilisks
  2 vampire mosquitoes (D:13)
  10 wargs
  29 nagas
  2 acid dragons
  17 hell hounds
  A swamp worm (Swamp:1)
  11 water moccasins
  18 orc warriors
  12 black bears
  2 ice beasts (D:10)
  6 ogres
  A wolf (shapeshifter) (D:15)
  14 wolves
  14 centaurs
  A phantom (D:5)
  7 kobold brigands
  10 bullfrogs
  A gnoll sergeant (D:9)
  6 scorpions
  9 wights
  8 killer bees
  2 electric eels (Lair:5)
  10 howler monkeys
  A hound (D:5)
  4 jellies
  A gnoll bouda (D:8)
  17 orc priests
  Terence (D:3)
  Ijyb (D:3)
  A boggart zombie (D:13)
  25 orc wizards
  An iguana (D:3)
  A boggart skeleton (D:13)
  A mummy (D:4)
  7 gnolls
  11 adders
  A white imp (D:6)
  3 dart slugs (D:4)
  52 orcs
  7 endoplasms
  A giant cockroach (D:4)
  6 gnoll zombies (Ossuary)
  9 hobgoblins
  7 jackals
  30 kobolds
  7 quokkas
  10 ball pythons
  8 bats
  A frilled lizard (D:1)
  12 goblins
  3 goblin skeletons (Ossuary)
  2 goblin zombies (Ossuary)
  2 hobgoblin skeletons (Ossuary)
  A hobgoblin zombie (D:4)
  3 kobold skeletons (Ossuary)
  2 kobold zombies
  An orc skeleton (Ossuary)
  2 orc zombies (Ossuary)
  5 rats
  A rat skeleton (Ossuary)
  A rat zombie (Ossuary)
793 creatures vanquished.

Notes
Turn   | Place    | Note
-------+----------+-------------------------------------------
     0 | D:1      | qw the Gargoyle Hunter began the quest for the Orb.
     0 | D:1      | Reached XP level 1. HP: 12/12 MP: 1/1
     0 | D:1      | 0 ||| qw: Version: 0.3-a-76-g4403597
     0 | D:1      | 0 ||| qw: Game counter: 541
     0 | D:1      | 0 ||| qw: Melee chars always use a shield: true
     0 | D:1      | 0 ||| qw: God list: Okawaru
     0 | D:1      | 0 ||| qw: Allow faded altars: false
     0 | D:1      | 0 ||| qw: Do Orc after clearing Dungeon:15 true
     0 | D:1      | 0 ||| qw: Do second Lair branch before Depths: true
     0 | D:1      | 0 ||| qw: Lair rune preference: random
     0 | D:1      | 0 ||| qw: Goals: Normal
     0 | D:1      | 0 ||| PLANNING D:1-11
    97 | D:1      | Reached XP level 2. HP: 10/17 MP: 2/2
   434 | D:1      | Reached XP level 3. HP: 21/21 MP: 3/3
   454 | D:1      | Reached skill level 5 in Ranged Weapons
   572 | D:1      | 572 ||| UPGRADING to +0 ring mail.
   582 | D:1      | 582 ||| DROPPING +0 leather armour.
   583 | D:1      | 583 ||| UPGRADING to +0 pair of boots.
   588 | D:1      | 588 ||| UPGRADING to amulet of the acrobat.
   593 | D:1      | 593 ||| UPGRADING to +5 ring of evasion.
   594 | D:1      | 594 ||| READING scroll labelled OMIUNY JUSHRE.
   595 | D:1      | 595 ||| READING scroll labelled AVVUXT ROENLAO.
   596 | D:1      | 596 ||| READING 2 scrolls labelled WUNEATO GIEHUCS.
   600 | D:1      | 600 ||| READING scroll labelled ICKOYL WADUBAH.
   601 | D:1      | 601 ||| READING scroll labelled SEXKUOCUFU.
   602 | D:1      | 602 ||| DROPPING scroll of butterflies.
   679 | D:2      | Reached skill level 1 in Armour
   886 | D:2      | Reached skill level 3 in Fighting
   886 | D:2      | Reached XP level 4. HP: 28/28 MP: 4/4
  1005 | D:2      | Noticed a scorpion
  1027 | D:2      | Killed a scorpion
  1028 | D:2      | Reached XP level 5. HP: 29/32 MP: 5/5
  1192 | D:2      | 1192 ||| READING 2 scrolls labelled XINTOR MAUREA.
  1193 | D:2      | 1193 ||| READING scroll labelled FUXUTY LEDGHO.
  1194 | D:2      | 1194 ||| DRINKING 2 orange potions.
  1199 | D:2      | 1199 ||| DROPPING potion of ambrosia.
  1244 | D:3      | Reached skill level 6 in Ranged Weapons
  1288 | D:3      | Found a radiant altar of Vehumet.
  1502 | D:3      | Noticed Terence
  1516 | D:3      | Killed Terence
  1747 | D:3      | Noticed Ijyb
  1769 | D:3      | Killed Ijyb
  1770 | D:3      | Reached XP level 6. HP: 20/38 MP: 6/6
  1930 | D:3      | 1930 ||| UPGRADING to +0 pair of gloves.
  1935 | D:3      | 1935 ||| UPGRADING to +6 ring of dexterity.
  1936 | D:3      | 1936 ||| READING 2 scrolls labelled QANIRPHO MASCHIE.
  2037 | D:3      | 2037 ||| DROPPING scroll of silence.
  2063 | D:4      | 2063 ||| PLANNING OSSUARY
  2213 | D:4      | Found Juraphud's Jewellery Emporium.
  2239 | D:4      | 2239 ||| SHOPLISTING +6 ring of dexterity (396 gold, have
                  | 89).
  2239 | D:4      | 2239 ||| SHOPLISTING amulet "Cuguhaq" {Reflect Rampage
                  | Str-2 Int+6 SH+5 Stlth+} (530 gold, have 89).
  2239 | D:4      | 2239 ||| SHOPLISTING amulet of faith (440 gold, have 89).
  2561 | D:4      | Found a sand-covered staircase.
  2566 | D:4      | 2566 ||| READING scroll labelled OKUCVA YSUF.
  2567 | D:4      | 2567 ||| READING scroll labelled KARUFE BUNAUPT.
  2568 | D:4      | 2568 ||| DRINKING 2 emerald potions.
  2572 | Ossuary  | Entered an ossuary
  2815 | D:4      | 2815 ||| PLANNING D:1-11
  2995 | D:5      | Entered Level 5 of the Dungeon
  2997 | D:5      | 2997 ||| Stepping ~*~*~tactically~*~*~ (outnumbered).
  2999 | D:5      | 2999 ||| Stepping ~*~*~tactically~*~*~ (outnumbered).
  3002 | D:5      | 3002 ||| Stepping ~*~*~tactically~*~*~ (outnumbered).
  3059 | D:5      | Reached skill level 7 in Ranged Weapons
  3059 | D:5      | Reached XP level 7. HP: 43/43 MP: 7/7
  3373 | D:5      | 3373 ||| READING scroll of enchant weapon.
  3373 | D:5      | 3373 ||| ENCHANTING +1 shortbow of chaos.
  3475 | D:5      | Reached skill level 8 in Ranged Weapons
  3546 | D:5      | 3546 ||| UPGRADING to +0 helmet.
  3736 | D:6      | Reached XP level 8. HP: 49/49 MP: 8/8
  4195 | D:6      | 4195 ||| DROPPING ring of resist corrosion.
  4196 | D:6      | 4196 ||| READING scroll labelled RUL CESMADI.
  4197 | D:6      | 4197 ||| DRINKING 2 sedimented orange potions.
  4301 | D:6      | 4301 ||| READING 2 scrolls of identify.
  4301 | D:6      | 4301 ||| IDENTIFYING blue potion
  4302 | D:6      | 4302 ||| DROPPING potion of brilliance.
  4303 | D:6      | 4303 ||| DROPPING potion of berserk rage.
  4365 | D:7      | Reached skill level 9 in Ranged Weapons
  4396 | D:7      | Reached skill level 3 in Armour
  4449 | D:7      | 4449 ||| SWAPPING to +0 orcbow.
  4450 | D:7      | 4450 ||| DROPPING +2 shortbow of chaos.
  4551 | D:7      | Found a sacrificial altar of Ru.
  4648 | D:7      | Reached skill level 6 in Fighting
  4703 | D:7      | Found Omihial's Armour Shop.
  4712 | D:7      | 4712 ||| BUYING +1 leather armour of poison resistance (132
                  | gold).
  4712 | D:7      | Bought a +1 leather armour of poison resistance for 132
                  | gold pieces
  4712 | D:7      | 4712 ||| BUYING +1 pair of gloves (138 gold).
  4712 | D:7      | Bought a +1 pair of gloves for 138 gold pieces
  4712 | D:7      | 4712 ||| SHOPLISTING +2 leather armour of willpower (228
                  | gold, have 103).
  4723 | D:7      | Found a staircase to the Ecumenical Temple.
  4724 | D:7      | 4724 ||| PLANNING TEMPLE
  4724 | D:7      | 4724 ||| UPGRADING to +1 leather armour of poison
                  | resistance.
  4734 | D:7      | 4734 ||| DROPPING +0 ring mail.
  4735 | D:7      | 4735 ||| UPGRADING to +1 pair of gloves.
  4745 | D:7      | 4745 ||| DROPPING +0 pair of gloves.
  4746 | D:7      | 4746 ||| READING scroll labelled IBEWIAXKUU.
  4755 | Temple   | Entered the Ecumenical Temple
  4756 | Temple   | 4756 ||| PLANNING OKAWARU WORSHIP
  4765 | Temple   | Became a worshipper of Warmaster Okawaru
  4766 | Temple   | 4766 ||| PLANNING D:1-11
  4935 | D:7      | 4935 ||| UPGRADING to +2 pair of gloves.
  4945 | D:7      | 4945 ||| DROPPING +1 pair of gloves.
  4946 | D:7      | 4946 ||| READING 2 scrolls of identify.
  4946 | D:7      | 4946 ||| IDENTIFYING sedimented white potion
  4960 | D:8      | 4960 ||| STAIRDANCE
  5071 | D:8      | 5071 ||| STAIRDANCE
  5177 | D:8      | 5177 ||| STAIRDANCE
  5205 | D:8      | 5205 ||| STAIRDANCE
  5213 | D:8      | 5213 ||| STAIRDANCE
  5226 | D:7      | Reached skill level 3 in Dodging
  5239 | D:8      | 5239 ||| STAIRDANCE
  5275 | D:8      | 5275 ||| RETREATING.
  5285 | D:8      | Reached XP level 9. HP: 27/55 MP: 9/9
  5430 | D:8      | Reached skill level 10 in Ranged Weapons
  5706 | D:8      | Reached * piety under Okawaru
  5714 | D:8      | Reached skill level 1 in Invocations
  5921 | D:8      | Noticed Prince Ribbit
  5922 | D:8      | 5922 ||| INVOKING Heroism.
  5930 | D:8      | Killed Prince Ribbit
  5990 | D:8      | Found a shimmering altar of Xom.
  6141 | D:8      | 6141 ||| DRINKING 2 ruby potions.
  6142 | D:8      | 6142 ||| DRINKING 3 purple potions.
  6143 | D:8      | 6143 ||| READING 2 scrolls of identify.
  6143 | D:8      | 6143 ||| IDENTIFYING bubbling dark potion
  6144 | D:8      | 6144 ||| DROPPING potion of lignification.
  6145 | D:8      | 6145 ||| DROPPING potion of invisibility.
  6159 | D:9      | 6159 ||| INVOKING Heroism.
  6304 | D:9      | 6304 ||| Stepping ~*~*~tactically~*~*~ (outnumbered).
  6306 | D:9      | 6306 ||| Stepping ~*~*~tactically~*~*~ (outnumbered).
  6308 | D:9      | 6308 ||| Stepping ~*~*~tactically~*~*~ (outnumbered).
  6309 | D:9      | 6309 ||| Stepping ~*~*~tactically~*~*~ (outnumbered).
  6311 | D:9      | 6311 ||| Stepping ~*~*~tactically~*~*~ (outnumbered).
  6312 | D:9      | 6312 ||| Stepping ~*~*~tactically~*~*~ (outnumbered).
  6357 | D:9      | 6357 ||| FLEEEEING.
  6358 | D:9      | 6358 ||| FLEEEEING.
  6359 | D:9      | 6359 ||| FLEEEEING.
  6366 | D:9      | Reached skill level 3 in Invocations
  6370 | D:9      | 6370 ||| RETREATING.
  6605 | D:9      | Reached skill level 11 in Ranged Weapons
  6605 | D:9      | Reached XP level 10. HP: 63/63 MP: 13/13
  6608 | D:9      | Reached ** piety under Okawaru
  7054 | D:9      | Found Cociph's Island Escapes.
  7147 | D:9      | 7147 ||| DROPPING +6 ring of strength.
  7148 | D:9      | 7148 ||| DROPPING ring of fire.
  7149 | D:9      | 7149 ||| DROPPING ring of see invisible.
  7150 | D:9      | 7150 ||| READING scroll labelled EHY WEHEATAKK.
  7198 | D:10     | Entered Level 10 of the Dungeon
  7226 | D:10     | Noticed Maurice
  7247 | D:10     | Killed Maurice
  7289 | D:10     | HP: 14/64 [something (9)]
  7297 | D:10     | HP: 14/64 [something (1)]
  7299 | D:10     | 7299 ||| DRINKING 2 potions of curing.
  7299 | D:10     | 7299 ||| (to cure confusion)
  7300 | D:10     | 7300 ||| DRINKING potion of curing.
  7300 | D:10     | 7300 ||| (to cure confusion)
  7301 | D:10     | 7301 ||| INVOKING Heroism.
  7458 | D:10     | Found a staircase to the Lair.
  7479 | D:10     | Reached skill level 12 in Ranged Weapons
  7480 | D:10     | 7480 ||| FLEEEEING.
  7490 | D:10     | 7490 ||| STAIRDANCE
  7521 | D:9      | 7521 ||| UPGRADING to +0 cloak.
  7534 | D:10     | 7534 ||| RETREATING.
  7549 | D:10     | Reached *** piety under Okawaru
  7581 | D:10     | 7581 ||| RETREATING.
  7599 | D:10     | 7599 ||| FLEEEEING.
  7600 | D:10     | 7600 ||| FLEEEEING.
  7601 | D:10     | 7601 ||| FLEEEEING.
  7603 | D:10     | 7603 ||| STAIRDANCE
  7718 | D:10     | 7718 ||| RETREATING.
  7733 | D:10     | 7733 ||| Stepping ~*~*~tactically~*~*~ (retreating).
  7735 | D:10     | 7735 ||| Stepping ~*~*~tactically~*~*~ (retreating).
  7736 | D:10     | 7736 ||| Stepping ~*~*~tactically~*~*~ (retreating).
  7737 | D:10     | 7737 ||| Stepping ~*~*~tactically~*~*~ (retreating).
  7738 | D:10     | 7738 ||| Stepping ~*~*~tactically~*~*~ (retreating).
  7740 | D:10     | 7740 ||| Stepping ~*~*~tactically~*~*~ (retreating).
  7741 | D:10     | 7741 ||| Stepping ~*~*~tactically~*~*~ (retreating).
  7752 | D:10     | 7752 ||| INVOKING Heroism.
  7770 | D:10     | Reached skill level 13 in Ranged Weapons
  7813 | D:10     | 7813 ||| INVOKING Heroism.
  7912 | D:10     | 7912 ||| INVOKING Heroism.
  7914 | D:10     | Reached XP level 11. HP: 34/69 MP: 11/14
  8286 | D:10     | 8286 ||| Stepping ~*~*~tactically~*~*~ (retreating).
  8287 | D:10     | 8287 ||| Stepping ~*~*~tactically~*~*~ (retreating).
  8288 | D:10     | 8288 ||| Stepping ~*~*~tactically~*~*~ (retreating).
  8289 | D:10     | 8289 ||| Stepping ~*~*~tactically~*~*~ (retreating).
  8292 | D:10     | Reached skill level 9 in Fighting
  8309 | D:10     | 8309 ||| INVOKING Heroism.
  8330 | D:10     | Reached **** piety under Okawaru
  8629 | D:10     | 8629 ||| PLANNING LAIR
  8629 | D:10     | 8629 ||| DROPPING ring of willpower.
  8630 | D:10     | 8630 ||| DROPPING ring of positive energy.
  8631 | D:10     | 8631 ||| READING 2 scrolls of identify.
  8631 | D:10     | 8631 ||| IDENTIFYING pink potion
  8656 | Lair:1   | Entered Level 1 of the Lair of Beasts
  8708 | Lair:1   | 8708 ||| INVOKING Heroism.
  8715 | Lair:1   | 8715 ||| RETREATING.
  8716 | Lair:1   | 8716 ||| Stepping ~*~*~tactically~*~*~ (retreating).
  8717 | Lair:1   | 8717 ||| Stepping ~*~*~tactically~*~*~ (retreating).
  8718 | Lair:1   | 8718 ||| Stepping ~*~*~tactically~*~*~ (retreating).
  8719 | Lair:1   | 8719 ||| Stepping ~*~*~tactically~*~*~ (retreating).
  8720 | Lair:1   | 8720 ||| Stepping ~*~*~tactically~*~*~ (retreating).
  8725 | Lair:1   | 8725 ||| Stepping ~*~*~tactically~*~*~ (retreating).
  8726 | Lair:1   | 8726 ||| Stepping ~*~*~tactically~*~*~ (retreating).
  8727 | Lair:1   | 8727 ||| Stepping ~*~*~tactically~*~*~ (retreating).
  8738 | Lair:1   | 8738 ||| INVOKING Heroism.
  8751 | Lair:1   | 8751 ||| Stepping ~*~*~tactically~*~*~ (retreating).
  8752 | Lair:1   | 8752 ||| Stepping ~*~*~tactically~*~*~ (retreating).
  8754 | Lair:1   | 8754 ||| Stepping ~*~*~tactically~*~*~ (retreating).
  8755 | Lair:1   | 8755 ||| Stepping ~*~*~tactically~*~*~ (retreating).
  8756 | Lair:1   | 8756 ||| Stepping ~*~*~tactically~*~*~ (retreating).
  8770 | Lair:1   | 8770 ||| INVOKING Heroism.
  8847 | Lair:1   | 8847 ||| INVOKING Heroism.
  8961 | Lair:1   | 8961 ||| INVOKING Heroism.
  8992 | Lair:1   | 8992 ||| INVOKING Heroism.
  9017 | Lair:1   | 9017 ||| INVOKING Heroism.
  9037 | Lair:1   | Reached skill level 6 in Invocations
  9085 | Lair:1   | 9085 ||| INVOKING Heroism.
  9093 | Lair:1   | Reached skill level 14 in Ranged Weapons
  9116 | Lair:1   | 9116 ||| INVOKING Heroism.
  9117 | Lair:1   | 9117 ||| RETREATING.
  9195 | Lair:1   | 9195 ||| INVOKING Heroism.
  9238 | Lair:1   | Found an opulent altar of Gozag.
  9287 | Lair:1   | You fall into a shaft and drop 1 floor!
  9313 | Lair:2   | 9313 ||| INVOKING Heroism.
  9371 | Lair:2   | Reached XP level 12. HP: 71/77 MP: 17/17
  9391 | Lair:2   | 9391 ||| DROPPING +0 robe of positive energy.
  9392 | Lair:2   | 9392 ||| DROPPING +2 pair of gloves.
  9393 | Lair:2   | 9393 ||| DRINKING 2 murky white potions.
  9403 | Lair:2   | 9403 ||| FLEEEEING.
  9404 | Lair:2   | 9404 ||| FLEEEEING.
  9405 | Lair:2   | 9405 ||| STAIRDANCE
  9411 | Lair:1   | Reached ***** piety under Okawaru
  9669 | Lair:2   | 9669 ||| INVOKING Heroism.
  9773 | Lair:2   | 9773 ||| RETREATING.
  9775 | Lair:2   | 9775 ||| Stepping ~*~*~tactically~*~*~ (retreating).
  9776 | Lair:2   | 9776 ||| Stepping ~*~*~tactically~*~*~ (retreating).
  9777 | Lair:2   | 9777 ||| Stepping ~*~*~tactically~*~*~ (retreating).
  9786 | Lair:2   | 9786 ||| INVOKING Heroism.
  9799 | Lair:2   | Noticed a skyshark
  9817 | Lair:2   | Killed a skyshark
  9829 | Lair:2   | 9829 ||| FLEEEEING.
  9838 | Lair:2   | 9838 ||| STAIRDANCE
  9973 | Lair:2   | 9973 ||| READING scroll of enchant armour.
  9973 | Lair:2   | 9973 ||| ENCHANTING +0 helmet.
  9978 | Lair:2   | Noticed an eight-headed hydra
  9979 | Lair:2   | 9979 ||| INVOKING Heroism.
  9982 | Lair:2   | 9982 ||| RETREATING.
  9993 | Lair:2   | Killed an eight-headed hydra
  9994 | Lair:2   | Reached skill level 6 in Dodging
 10059 | Lair:2   | Noticed Nergalle
 10060 | Lair:2   | 10060 ||| INVOKING Heroism.
 10068 | Lair:2   | 10068 ||| Stepping ~*~*~tactically~*~*~ (retreating).
 10069 | Lair:2   | 10069 ||| Stepping ~*~*~tactically~*~*~ (retreating).
 10086 | Lair:2   | HP: 15/73 [Nergalle/bolt of negative energy (6)]
 10087 | Lair:2   | 10087 ||| READING 6 scrolls of teleportation.
 10088 | Lair:2   | 10088 ||| DRINKING 2 potions of heal wounds.
 10089 | Lair:2   | Killed Nergalle
 10098 | Lair:2   | Reached skill level 9 in Invocations
 10098 | Lair:2   | 10098 ||| INVOKING Heroism.
 10375 | Lair:2   | 10375 ||| INVOKING Heroism.
 10378 | Lair:2   | 10378 ||| RETREATING.
 10483 | Lair:2   | Identified the +6 scale mail of Divine Compulsion {Dex+3}
 10502 | Lair:2   | 10502 ||| RETREATING.
 10528 | Lair:2   | Found a staircase to the Snake Pit.
 10538 | Lair:2   | 10538 ||| READING scroll of brand weapon.
 10538 | Lair:2   | 10538 ||| BRANDING +0 orcbow.
 10762 | Lair:3   | 10762 ||| INVOKING Heroism.
 10765 | Lair:3   | 10765 ||| STAIRDANCE
 10878 | Lair:3   | 10878 ||| STAIRDANCE
 10968 | Lair:3   | Received a gift from Okawaru
 10993 | Lair:3   | Reached skill level 15 in Ranged Weapons
 11105 | Lair:3   | Noticed a skyshark
 11116 | Lair:3   | Killed a skyshark
 11176 | Lair:3   | 11176 ||| Stepping ~*~*~tactically~*~*~ (retreating).
 11177 | Lair:3   | 11177 ||| Stepping ~*~*~tactically~*~*~ (retreating).
 11178 | Lair:3   | 11178 ||| Stepping ~*~*~tactically~*~*~ (retreating).
 11179 | Lair:3   | 11179 ||| Stepping ~*~*~tactically~*~*~ (retreating).
 11180 | Lair:3   | 11180 ||| Stepping ~*~*~tactically~*~*~ (retreating).
 11199 | Lair:3   | 11199 ||| READING scroll of enchant weapon.
 11199 | Lair:3   | 11199 ||| ENCHANTING +0 heavy orcbow.
 11257 | Lair:3   | 11257 ||| INVOKING Heroism.
 11259 | Lair:3   | Reached XP level 13. HP: 82/82 MP: 17/20
 11338 | Lair:3   | 11338 ||| Stepping ~*~*~tactically~*~*~ (retreating).
 11352 | Lair:3   | 11352 ||| INVOKING Heroism.
 11357 | Lair:3   | 11357 ||| Stepping ~*~*~tactically~*~*~ (retreating).
 11360 | Lair:3   | 11360 ||| Stepping ~*~*~tactically~*~*~ (retreating).
 11361 | Lair:3   | 11361 ||| RETREATING.
 11457 | Lair:3   | Noticed an eleionoma
 11464 | Lair:3   | Killed an eleionoma
 11465 | Lair:3   | Reached skill level 16 in Ranged Weapons
 11476 | Lair:3   | Found a staircase to the Swamp.
 11623 | Lair:3   | 11623 ||| READING 3 scrolls labelled NOEQ IL OFOT.
 11624 | Lair:3   | 11624 ||| READING 2 scrolls of identify.
 11624 | Lair:3   | 11624 ||| IDENTIFYING fizzy purple potion
 11625 | Lair:3   | 11625 ||| DROPPING 2 scrolls of vulnerability.
 11663 | Lair:4   | 11663 ||| RETREATING.
 11672 | Lair:4   | 11672 ||| INVOKING Heroism.
 11869 | Lair:4   | 11869 ||| INVOKING Heroism.
 12019 | Lair:4   | 12019 ||| RETREATING.
 12020 | Lair:4   | 12020 ||| INVOKING Heroism.
 12053 | Lair:4   | 12053 ||| INVOKING Finesse.
 12058 | Lair:4   | 12058 ||| FLEEEEING.
 12060 | Lair:4   | Reached skill level 12 in Fighting
 12060 | Lair:4   | 12060 ||| FLEEEEING.
 12061 | Lair:4   | 12061 ||| FLEEEEING.
 12062 | Lair:4   | 12062 ||| FLEEEEING.
 12063 | Lair:4   | 12063 ||| FLEEEEING.
 12064 | Lair:4   | 12064 ||| FLEEEEING.
 12065 | Lair:4   | 12065 ||| FLEEEEING.
 12066 | Lair:4   | 12066 ||| FLEEEEING.
 12067 | Lair:4   | 12067 ||| FLEEEEING.
 12068 | Lair:4   | 12068 ||| FLEEEEING.
 12069 | Lair:4   | 12069 ||| FLEEEEING.
 12070 | Lair:4   | 12070 ||| FLEEEEING.
 12071 | Lair:4   | 12071 ||| FLEEEEING.
 12072 | Lair:4   | 12072 ||| FLEEEEING.
 12073 | Lair:4   | 12073 ||| STAIRDANCE
 12219 | Lair:3   | 12219 ||| DROPPING ring of ice.
 12220 | Lair:3   | 12220 ||| DRINKING 2 murky ruby potions.
 12221 | Lair:3   | 12221 ||| DROPPING potion of attraction.
 12235 | Lair:4   | 12235 ||| STAIRDANCE
 12404 | Lair:4   | 12404 ||| RETREATING.
 12412 | Lair:4   | 12412 ||| INVOKING Heroism.
 12427 | Lair:4   | Reached skill level 6 in Armour
 12451 | Lair:4   | 12451 ||| INVOKING Heroism.
 12681 | Lair:4   | Found a runed translucent gate.
 12681 | Lair:4   | Found a runed translucent gate.
 12681 | Lair:4   | Found a runed translucent gate.
 12683 | Lair:4   | Noticed qw's ghost (journeyman MiHs)
 12740 | Lair:4   | 12740 ||| INVOKING Heroism.
 12971 | Lair:4   | Found a runed translucent door.
 12971 | Lair:4   | Found a viscous altar of Jiyva.
 12972 | Lair:4   | Found a staircase to the Slime Pits.
 13043 | Lair:4   | 13043 ||| DRINKING 3 silvery potions.
 13043 | Lair:4   | Gained mutation: Your spells are a little easier to cast,
                  | but a little less powerful. [potion of mutation]
 13043 | Lair:4   | Gained mutation: Your muscles are strong. (Str +4, Int/Dex
                  | -1) [potion of mutation]
 13044 | Lair:4   | 13044 ||| READING 2 scrolls of identify.
 13044 | Lair:4   | 13044 ||| IDENTIFYING red potion
 13045 | Lair:4   | 13045 ||| DROPPING potion of degeneration.
 13058 | Lair:5   | Entered Level 5 of the Lair of Beasts
 13059 | Lair:5   | 13059 ||| STAIRDANCE
 13097 | Lair:5   | 13097 ||| INVOKING Heroism.
 13149 | Lair:5   | 13149 ||| RETREATING.
 13171 | Lair:5   | 13171 ||| Stepping ~*~*~tactically~*~*~ (retreating).
 13172 | Lair:5   | 13172 ||| INVOKING Heroism.
 13238 | Lair:5   | 13238 ||| INVOKING Heroism.
 13240 | Lair:5   | Gained mutation: Your large and strong wings let you fly.
                  | [Gargoyle growth]
 13240 | Lair:5   | Reached XP level 14. HP: 92/92 MP: 18/21
 13443 | Lair:5   | 13443 ||| INVOKING Heroism.
 13463 | Lair:5   | 13463 ||| RETREATING.
 13464 | Lair:5   | 13464 ||| Stepping ~*~*~tactically~*~*~ (retreating).
 13513 | Lair:5   | Reached skill level 9 in Dodging
 13534 | Lair:5   | 13534 ||| INVOKING Heroism.
 13621 | Lair:5   | 13621 ||| RETREATING.
 13624 | Lair:5   | 13624 ||| Stepping ~*~*~tactically~*~*~ (retreating).
 13634 | Lair:5   | 13634 ||| INVOKING Heroism.
 13686 | Lair:5   | 13686 ||| READING scroll of enchant weapon.
 13686 | Lair:5   | 13686 ||| ENCHANTING +1 heavy orcbow.
 13795 | Lair:5   | 13795 ||| INVOKING Heroism.
 14051 | Lair:5   | Found a runed translucent door.
 14065 | Lair:5   | Noticed qw's ghost (journeyman GrFi)
 14190 | Lair:5   | 14190 ||| PLANNING D:1-11
 14190 | Lair:5   | 14190 ||| DROPPING ring of magical power.
 14486 | D:11     | 14486 ||| FLEEEEING.
 14487 | D:11     | 14487 ||| FLEEEEING.
 14488 | D:11     | 14488 ||| FLEEEEING.
 14489 | D:11     | 14489 ||| FLEEEEING.
 14490 | D:11     | 14490 ||| FLEEEEING.
 14491 | D:11     | 14491 ||| FLEEEEING.
 14494 | D:11     | 14494 ||| RETREATING.
 14497 | D:11     | 14497 ||| Stepping ~*~*~tactically~*~*~ (retreating).
 14498 | D:11     | 14498 ||| Stepping ~*~*~tactically~*~*~ (retreating).
 14499 | D:11     | 14499 ||| Stepping ~*~*~tactically~*~*~ (retreating).
 14500 | D:11     | 14500 ||| Stepping ~*~*~tactically~*~*~ (outnumbered).
 14501 | D:11     | 14501 ||| Stepping ~*~*~tactically~*~*~ (retreating).
 14502 | D:11     | 14502 ||| Stepping ~*~*~tactically~*~*~ (retreating).
 14503 | D:11     | 14503 ||| Stepping ~*~*~tactically~*~*~ (retreating).
 14511 | D:11     | 14511 ||| Stepping ~*~*~tactically~*~*~ (retreating).
 14515 | D:11     | 14515 ||| Stepping ~*~*~tactically~*~*~ (retreating).
 14518 | D:11     | 14518 ||| INVOKING Heroism.
 14686 | D:11     | Found a staircase to the Orcish Mines.
 15089 | D:11     | 15089 ||| PLANNING D
 15089 | D:11     | 15089 ||| READING 2 scrolls of identify.
 15089 | D:11     | 15089 ||| IDENTIFYING brown potion
 15184 | D:12     | Identified the +0 leather armour "Mosh" {Harm Rampage
                  | rPois}
 15247 | D:12     | 15247 ||| RETREATING.
 15344 | D:12     | 15344 ||| RETREATING.
 15364 | D:12     | 15364 ||| Stepping ~*~*~tactically~*~*~ (outnumbered).
 15366 | D:12     | 15366 ||| Stepping ~*~*~tactically~*~*~ (outnumbered).
 15371 | D:12     | Received a gift from Okawaru
 15374 | D:12     | 15374 ||| SWAPPING to +1 longbow of freezing.
 15375 | D:12     | 15375 ||| DROPPING +2 heavy orcbow.
 15542 | D:12     | Found a burning altar of Makhleb.
 15609 | D:12     | 15609 ||| INVOKING Heroism.
 15628 | D:12     | Found Suafum's Armour Emporium.
 15652 | D:12     | 15652 ||| BUYING +1 ring mail of willpower (224 gold).
 15652 | D:12     | Bought a +1 ring mail of willpower for 224 gold pieces
 15652 | D:12     | 15652 ||| BUYING +2 leather armour of cold resistance (266
                  | gold).
 15652 | D:12     | Bought a +2 leather armour of cold resistance for 266 gold
                  | pieces
 15893 | D:12     | 15893 ||| DROPPING +0 leather armour "Mosh" {Harm Rampage
                  | rPois}.
 15894 | D:12     | 15894 ||| UPGRADING to +1 ring mail of willpower.
 15904 | D:12     | 15904 ||| DROPPING +1 leather armour of poison resistance.
 15905 | D:12     | 15905 ||| UPGRADING to +2 leather armour of cold
                  | resistance.
 16009 | D:13     | 16009 ||| INVOKING Heroism.
 16011 | D:13     | 16011 ||| Stepping ~*~*~tactically~*~*~ (retreating).
 16012 | D:13     | 16012 ||| Stepping ~*~*~tactically~*~*~ (retreating).
 16013 | D:13     | 16013 ||| Stepping ~*~*~tactically~*~*~ (retreating).
 16014 | D:13     | 16014 ||| Stepping ~*~*~tactically~*~*~ (retreating).
 16017 | D:13     | 16017 ||| Stepping ~*~*~tactically~*~*~ (retreating).
 16018 | D:13     | 16018 ||| Stepping ~*~*~tactically~*~*~ (retreating).
 16019 | D:13     | 16019 ||| Stepping ~*~*~tactically~*~*~ (retreating).
 16028 | D:13     | Received a gift from Okawaru
 16172 | D:13     | 16172 ||| DROPPING +5 arbalest of freezing.
 16247 | D:13     | 16247 ||| Stepping ~*~*~tactically~*~*~ (retreating).
 16250 | D:13     | 16250 ||| INVOKING Heroism.
 16256 | D:13     | 16256 ||| Stepping ~*~*~tactically~*~*~ (retreating).
 16258 | D:13     | 16258 ||| Stepping ~*~*~tactically~*~*~ (retreating).
 16259 | D:13     | 16259 ||| Stepping ~*~*~tactically~*~*~ (retreating).
 16260 | D:13     | 16260 ||| Stepping ~*~*~tactically~*~*~ (retreating).
 16271 | D:13     | Reached skill level 17 in Ranged Weapons
 16281 | D:13     | Reached XP level 15. HP: 47/101 MP: 22/22
 16315 | D:13     | 16315 ||| INVOKING Heroism.
 16331 | D:13     | 16331 ||| FLEEEEING.
 16336 | D:13     | 16336 ||| FLEEEEING.
 16380 | D:13     | 16380 ||| FLEEEEING.
 16381 | D:13     | 16381 ||| FLEEEEING.
 16393 | D:13     | 16393 ||| FLEEEEING.
 16394 | D:13     | 16394 ||| FLEEEEING.
 16395 | D:13     | 16395 ||| FLEEEEING.
 16396 | D:13     | 16396 ||| FLEEEEING.
 16397 | D:13     | 16397 ||| FLEEEEING.
 16398 | D:13     | 16398 ||| FLEEEEING.
 16411 | D:13     | 16411 ||| FLEEEEING.
 16412 | D:13     | 16412 ||| FLEEEEING.
 16413 | D:13     | 16413 ||| FLEEEEING.
 16414 | D:13     | 16414 ||| FLEEEEING.
 16415 | D:13     | 16415 ||| FLEEEEING.
 16416 | D:13     | 16416 ||| FLEEEEING.
 16417 | D:13     | 16417 ||| FLEEEEING.
 16418 | D:13     | 16418 ||| FLEEEEING.
 16419 | D:13     | 16419 ||| FLEEEEING.
 16420 | D:13     | 16420 ||| FLEEEEING.
 16421 | D:13     | 16421 ||| FLEEEEING.
 16422 | D:13     | 16422 ||| FLEEEEING.
 16423 | D:13     | 16423 ||| FLEEEEING.
 16424 | D:13     | 16424 ||| FLEEEEING.
 16425 | D:13     | 16425 ||| FLEEEEING.
 16426 | D:13     | 16426 ||| FLEEEEING.
 16427 | D:13     | 16427 ||| FLEEEEING.
 16428 | D:13     | 16428 ||| FLEEEEING.
 16429 | D:13     | 16429 ||| FLEEEEING.
 16430 | D:13     | 16430 ||| FLEEEEING.
 16431 | D:13     | 16431 ||| FLEEEEING.
 16432 | D:13     | 16432 ||| STAIRDANCE
 16655 | D:13     | 16655 ||| READING scroll of enchant armour.
 16655 | D:13     | 16655 ||| ENCHANTING +1 helmet.
 16690 | D:13     | Found a gate to the Vaults.
 16811 | D:13     | Identified the +0 pair of gloves of Jaytet {*Corrode rElec
                  | rPois Will+}
 16838 | D:13     | Found Loudarph's Antique Weapon Emporium.
 16852 | D:13     | 16852 ||| Stepping ~*~*~tactically~*~*~ (outnumbered).
 16854 | D:13     | 16854 ||| Stepping ~*~*~tactically~*~*~ (outnumbered).
 16857 | D:13     | Received a gift from Okawaru
 16866 | D:13     | Reached skill level 18 in Ranged Weapons
 16872 | D:13     | 16872 ||| SWAPPING to +6 longbow of freezing.
 16873 | D:13     | 16873 ||| DROPPING +1 longbow of freezing.
 16874 | D:13     | Noticed Josephine
 16875 | D:13     | 16875 ||| FLEEEEING.
 16883 | D:13     | Killed Josephine
 17265 | D:13     | 17265 ||| DROPPING +0 pair of gloves of Jaytet {*Corrode
                  | rElec rPois Will+}.
 17266 | D:13     | 17266 ||| READING scroll labelled HAQAYNEMEO.
 17267 | D:13     | 17267 ||| READING 3 scrolls of identify.
 17267 | D:13     | 17267 ||| IDENTIFYING green potion
 17531 | D:14     | 17531 ||| RETREATING.
 17532 | D:14     | 17532 ||| INVOKING Heroism.
 17533 | D:14     | 17533 ||| Stepping ~*~*~tactically~*~*~ (retreating).
 17681 | D:14     | 17681 ||| Stepping ~*~*~tactically~*~*~ (retreating).
 17802 | D:14     | Received a gift from Okawaru
 17804 | D:14     | 17804 ||| SWAPPING to +1 hand cannon of freezing.
 17805 | D:14     | 17805 ||| DROPPING +6 longbow of freezing.
 17937 | D:14     | Identified the +1 longbow of Ashenzari's Reproof {heavy,
                  | rPois SInv}
 17939 | D:14     | 17939 ||| DROPPING +1 longbow of Ashenzari's Reproof
                  | {heavy, rPois SInv}.
 18096 | D:14     | Found a shadowy altar of Dithmenos.
 18247 | D:14     | 18247 ||| READING scroll labelled IDUAPTE VEAR.
 18273 | D:15     | Entered Level 15 of the Dungeon
 18287 | D:15     | 18287 ||| INVOKING Heroism.
 18304 | D:15     | Found a glowing silver altar of Zin.
 18332 | D:15     | 18332 ||| INVOKING Finesse.
 18335 | D:15     | 18335 ||| INVOKING Heroism.
 18379 | D:15     | Reached skill level 19 in Ranged Weapons
 18423 | D:15     | Found a staircase to the Depths.
 18467 | D:15     | Found a runed translucent gate.
 18467 | D:15     | Found a runed translucent gate.
 18467 | D:15     | Found a runed translucent gate.
 18470 | D:15     | Noticed qw's ghost (journeyman GrHu)
 18516 | D:15     | 18516 ||| RETREATING.
 18525 | D:15     | 18525 ||| INVOKING Heroism.
 18737 | D:15     | Found Muoda's Armour Shop.
 18749 | D:15     | 18749 ||| BUYING +0 pair of fencer's gloves {Riposte Dex+3}
                  | (440 gold).
 18749 | D:15     | Bought the +0 pair of fencer's gloves {Riposte Dex+3} for
                  | 440 gold pieces
 18749 | D:15     | Found the +0 pair of fencer's gloves {Riposte Dex+3}
 18749 | D:15     | 18749 ||| BUYING +2 leather armour of Vitoroen {rF- Str+8
                  | Int+3} (386 gold).
 18749 | D:15     | Bought the +2 leather armour of Vitoroen {rF- Str+8 Int+3}
                  | for 386 gold pieces
 18778 | D:15     | Noticed Rupert
 18779 | D:15     | 18779 ||| INVOKING Heroism.
 18780 | D:15     | 18780 ||| INVOKING Finesse.
 18783 | D:15     | Paralysed by Rupert for 4 turns
 18795 | D:15     | Killed Rupert
 19116 | D:15     | Found an iron altar of Okawaru.
 19120 | D:15     | 19120 ||| PLANNING ORC
 19120 | D:15     | 19120 ||| UPGRADING to +0 pair of fencer's gloves {Riposte
                  | Dex+3}.
 19130 | D:15     | 19130 ||| DROPPING +2 pair of gloves.
 19250 | Orc:1    | Entered Level 1 of the Orcish Mines
 19382 | Orc:1    | Found Tall's Specific Store.
 19386 | Orc:1    | Found Syiroj's General Store.
 19408 | Orc:1    | 19408 ||| BUYING 2 potions of might (144 gold).
 19408 | Orc:1    | Bought 2 potions of might for 144 gold pieces
 19448 | Orc:1    | 19448 ||| INVOKING Heroism.
 19486 | Orc:1    | Found a transporter.
 19552 | Orc:1    | Found Yffatozymyc's Jewellery Boutique.
 19559 | Orc:1    | 19559 ||| SHOPLISTING amulet of reflection (450 gold, have
                  | 236).
 19588 | Orc:1    | Found Untupp's Magic Scroll Shop.
 19591 | Orc:1    | 19591 ||| BUYING scroll of identify (22 gold).
 19591 | Orc:1    | Bought a scroll of identify for 22 gold pieces
 19591 | Orc:1    | 19591 ||| BUYING scroll of identify (22 gold).
 19591 | Orc:1    | Bought a scroll of identify for 22 gold pieces
 19591 | Orc:1    | 19591 ||| BUYING scroll of identify (22 gold).
 19591 | Orc:1    | Bought a scroll of identify for 22 gold pieces
 19591 | Orc:1    | 19591 ||| BUYING scroll of identify (22 gold).
 19591 | Orc:1    | Bought a scroll of identify for 22 gold pieces
 19591 | Orc:1    | 19591 ||| BUYING scroll of teleportation (33 gold).
 19591 | Orc:1    | Bought a scroll of teleportation for 33 gold pieces
 19888 | Orc:2    | Entered Level 2 of the Orcish Mines
 19905 | Orc:2    | 19905 ||| INVOKING Heroism.
 19910 | Orc:2    | 19910 ||| Stepping ~*~*~tactically~*~*~ (outnumbered).
 19913 | Orc:2    | 19913 ||| Stepping ~*~*~tactically~*~*~ (outnumbered).
 19914 | Orc:2    | 19914 ||| Stepping ~*~*~tactically~*~*~ (outnumbered).
 19920 | Orc:2    | 19920 ||| Stepping ~*~*~tactically~*~*~ (outnumbered).
 19921 | Orc:2    | 19921 ||| Stepping ~*~*~tactically~*~*~ (outnumbered).
 19939 | Orc:2    | 19939 ||| INVOKING Heroism.
 19939 | Orc:2    | HP: 22/101 [orc priest/divine providence (9)]
 19939 | Orc:2    | HP: 10/101 [orc high priest/divine providence (12)]
 19939 | Orc:2    | HP: 3/101 [chaos spawn[an orc high priest] (7)]
 19939 | Orc:2    | HP: 1/101 [chaos spawn[an orc high priest] (2)]
 19940 | Orc:2    | 19940 ||| READING 12 scrolls of teleportation.
 19941 | Orc:2    | 19941 ||| DRINKING 5 potions of heal wounds.
 19942 | Orc:2    | 19942 ||| DRINKING 4 potions of heal wounds.
 19977 | Orc:2    | 19977 ||| INVOKING Heroism.
 20193 | Orc:2    | 20193 ||| INVOKING Heroism.
 20212 | Orc:2    | Found Ajyugen's Weapon Boutique.
 20212 | Orc:2    | Found Cietot's Jewellery Shop.
 20215 | Orc:2    | Found Oclibudgh's Book Shop.
 20221 | Orc:2    | Found Edywyud's Antique Weapon Boutique.
 20227 | Orc:2    | 20227 ||| SHOPLISTING ring "Ebbo" {Fire rCorr} (601 gold,
                  | have 333).
 20227 | Orc:2    | 20227 ||| SHOPLISTING ring "Tuodwin" {Fly Will- Dex+6 SInv}
                  | (721 gold, have 333).
 20238 | Orc:2    | Reached skill level 20 in Ranged Weapons
 20258 | Orc:2    | Reached XP level 16. HP: 107/107 MP: 23/23
 20355 | Orc:2    | Found a staircase to the Elven Halls.
 20367 | Orc:2    | 20367 ||| Stepping ~*~*~tactically~*~*~ (outnumbered).
 20407 | Orc:2    | 20407 ||| Stepping ~*~*~tactically~*~*~ (outnumbered).
 20409 | Orc:2    | 20409 ||| Stepping ~*~*~tactically~*~*~ (outnumbered).
 20410 | Orc:2    | 20410 ||| INVOKING Heroism.
 20416 | Orc:2    | 20416 ||| Stepping ~*~*~tactically~*~*~ (outnumbered).
 20775 | Orc:2    | 20775 ||| PLANNING SNAKE:1-3
 20894 | Snake:1  | Entered Level 1 of the Snake Pit
 20902 | Snake:1  | Found Gyokkay's Firing Range.
 21049 | Snake:1  | 21049 ||| RETREATING.
 21050 | Snake:1  | 21050 ||| INVOKING Heroism.
 21072 | Snake:1  | 21072 ||| INVOKING Heroism.
 21887 | Snake:1  | Found Bizen's Weapon Shop.
 22162 | Snake:2  | 22162 ||| Stepping ~*~*~tactically~*~*~ (retreating).
 22167 | Snake:2  | 22167 ||| INVOKING Heroism.
 22170 | Snake:2  | HP: 23/107 [constriction (5)]
 22171 | Snake:2  | 22171 ||| READING 11 scrolls of teleportation.
 22172 | Snake:2  | 22172 ||| DRINKING 3 potions of heal wounds.
 22196 | Snake:2  | 22196 ||| INVOKING Heroism.
 22443 | Snake:2  | 22443 ||| RETREATING.
 22446 | Snake:2  | 22446 ||| Stepping ~*~*~tactically~*~*~ (outnumbered).
 22465 | Snake:2  | 22465 ||| Stepping ~*~*~tactically~*~*~ (retreating).
 22468 | Snake:2  | 22468 ||| Stepping ~*~*~tactically~*~*~ (retreating).
 22481 | Snake:2  | Identified the +0 chain mail of Livesh {-Tele rElec rN++
                  | Slay+4} (Okawaru gifted it to you on level 2 of the Snake
                  | Pit)
 22481 | Snake:2  | Received a gift from Okawaru
 22532 | Snake:2  | Found Wefee's Magic Scroll Boutique.
 22532 | Snake:2  | Found Imibo's Assorted Antiques.
 22538 | Snake:2  | Noticed a nagaraja
 22539 | Snake:2  | 22539 ||| INVOKING Heroism.
 22545 | Snake:2  | Killed a nagaraja
 22552 | Snake:2  | 22552 ||| BUYING scroll of enchant armour (90 gold).
 22552 | Snake:2  | Bought a scroll of enchant armour for 90 gold pieces
 22552 | Snake:2  | 22552 ||| READING scroll of enchant armour.
 22552 | Snake:2  | 22552 ||| ENCHANTING +0 pair of boots.
 22559 | Snake:2  | 22559 ||| BUYING potion of cancellation (288 gold).
 22559 | Snake:2  | Bought a potion of cancellation for 288 gold pieces
 22597 | Snake:2  | 22597 ||| Stepping ~*~*~tactically~*~*~ (outnumbered).
 22598 | Snake:2  | 22598 ||| Stepping ~*~*~tactically~*~*~ (outnumbered).
 22600 | Snake:2  | 22600 ||| INVOKING Heroism.
 22604 | Snake:2  | 22604 ||| Stepping ~*~*~tactically~*~*~ (outnumbered).
 22605 | Snake:2  | 22605 ||| RETREATING.
 22610 | Snake:2  | 22610 ||| Stepping ~*~*~tactically~*~*~ (retreating).
 22611 | Snake:2  | 22611 ||| Stepping ~*~*~tactically~*~*~ (retreating).
 22938 | Snake:3  | 22938 ||| STAIRDANCE
 22949 | Snake:3  | 22949 ||| INVOKING Heroism.
 22956 | Snake:3  | 22956 ||| STAIRDANCE
 23006 | Snake:3  | 23006 ||| INVOKING Heroism.
 23006 | Snake:3  | Noticed a nagaraja
 23013 | Snake:3  | 23013 ||| STAIRDANCE
 23059 | Snake:3  | 23059 ||| INVOKING Heroism.
 23063 | Snake:3  | Killed a nagaraja
 23088 | Snake:3  | Reached skill level 21 in Ranged Weapons
 23135 | Snake:3  | 23135 ||| Stepping ~*~*~tactically~*~*~ (outnumbered).
 23137 | Snake:3  | 23137 ||| Stepping ~*~*~tactically~*~*~ (outnumbered).
 23138 | Snake:3  | 23138 ||| Stepping ~*~*~tactically~*~*~ (outnumbered).
 23143 | Snake:3  | 23143 ||| Stepping ~*~*~tactically~*~*~ (outnumbered).
 23147 | Snake:3  | 23147 ||| Stepping ~*~*~tactically~*~*~ (outnumbered).
 23325 | Snake:3  | Reached skill level 15 in Fighting
 23383 | Snake:3  | 23383 ||| RETREATING.
 23387 | Snake:3  | 23387 ||| Stepping ~*~*~tactically~*~*~ (outnumbered).
 23393 | Snake:3  | 23393 ||| Stepping ~*~*~tactically~*~*~ (retreating).
 23395 | Snake:3  | 23395 ||| Stepping ~*~*~tactically~*~*~ (retreating).
 23396 | Snake:3  | 23396 ||| Stepping ~*~*~tactically~*~*~ (retreating).
 23397 | Snake:3  | 23397 ||| Stepping ~*~*~tactically~*~*~ (retreating).
 23398 | Snake:3  | 23398 ||| Stepping ~*~*~tactically~*~*~ (retreating).
 23540 | Snake:3  | Noticed Azrael
 23541 | Snake:3  | 23541 ||| RETREATING.
 23542 | Snake:3  | 23542 ||| Stepping ~*~*~tactically~*~*~ (outnumbered).
 23551 | Snake:3  | 23551 ||| INVOKING Heroism.
 23557 | Snake:3  | Killed Azrael
 23743 | Snake:3  | 23743 ||| Stepping ~*~*~tactically~*~*~ (outnumbered).
 23751 | Snake:3  | 23751 ||| Stepping ~*~*~tactically~*~*~ (outnumbered).
 23752 | Snake:3  | 23752 ||| Stepping ~*~*~tactically~*~*~ (outnumbered).
 23753 | Snake:3  | 23753 ||| INVOKING Heroism.
 24304 | Snake:3  | 24304 ||| PLANNING SWAMP:1-3
 24457 | Swamp:1  | Entered Level 1 of the Swamp
 24458 | Swamp:1  | 24458 ||| INVOKING Heroism.
 24525 | Swamp:1  | 24525 ||| RETREATING.
 24533 | Swamp:1  | 24533 ||| INVOKING Heroism.
 24550 | Swamp:1  | Noticed a thorn hunter
 24646 | Swamp:1  | Identified the +1 robe of Infinity {rC+ Dex+2 Slay+2}
 24652 | Swamp:1  | Found a transporter.
 24654 | Swamp:1  | Found a transporter.
 24656 | Swamp:1  | 24656 ||| UPGRADING to +1 robe of Infinity {rC+ Dex+2
                  | Slay+2}.
 24657 | Swamp:1  | 24657 ||| UPGRADING to +1 robe of Infinity {rC+ Dex+2
                  | Slay+2}.
 24727 | Swamp:1  | 24727 ||| DROPPING +1 ring mail of willpower.
 24728 | Swamp:1  | 24728 ||| DROPPING +2 leather armour of Vitoroen {rF- Str+8
                  | Int+3}.
 24729 | Swamp:1  | 24729 ||| DROPPING +2 leather armour of cold resistance.
 24732 | Swamp:1  | Noticed a thorn hunter
 24736 | Swamp:1  | Reached XP level 17. HP: 113/113 MP: 24/24
 24773 | Swamp:1  | Noticed Donald
 24774 | Swamp:1  | 24774 ||| INVOKING Heroism.
 24783 | Swamp:1  | 24783 ||| Stepping ~*~*~tactically~*~*~ (retreating).
 24787 | Swamp:1  | Slain by Donald

Levels and vault maps discovered:
D:1:      minmay_arrival_four_loops, layout_rooms,
          corexii_item_surrounded_by_moat
D:2:      layout_basic
D:3:      kennysheep_the_goblin_king, layout_loops_ring,
          mainiacjoe_overflow_six_doors_small, uniq_terence
D:4:      layout_loops_cross, nicolae_ossuary_entry_giza, serial_shops,
          nicolae_shop_tiny_glass
D:5:      layout_rooms, dreamdust_mushroom_princess
D:6:      layout_basic
D:7:      layout_basic, lemuel_coloured_pillars_altar,
          minmay_temple_entry_purple_smoke, serial_shops,
          nicolae_shop_tiny_glass, serial_bayou_pond_e, grunt_decor_resistance
D:8:      layout_loops_ring, mainiacjoe_overflow_alcove_2, uniq_prince_ribbit1
D:9:      layout_basic, nicolae_island_escapes
D:10:     layout_gridville, hellmonk_lair_entry_icy, minmay_misc_feat_room,
          uniq_maurice
D:11:     layout_basic, orc_david_3
D:12:     layout_irregular_city, serial_shops, shop, demons_altar
D:13:     hangedman_screamer, layout_loops_ring, david_vaults_4, serial_shops,
          nicolae_shop_temple_entry_statues_fountains
D:14:     layout_irregular_city, grunt_dithmenos_shadows,
          serial_co_window_serial, co_window_paths_a, co_window_cross_1,
          co_window_of_opportunity_a, co_window_of_opportunity_a,
          co_window_corner_a, co_window_of_opportunity_b, co_window_corner_b,
          co_window_of_opportunity_c, co_window_sun, co_window_4corner_a,
          glass_columns_b, glass_columns_c, glass_columns_a, glass_columns_b,
          uniq_josephine
D:15:     hangedman_depths_entry_civil_slaughter, layout_stronghold,
          serial_shops, shop, serial_park_tiny_1,
          gammafunk_ghost_fury_of_okawaru, zin_academy, uniq_rupert
Temple:   hellmonk_temple_of_storms
Lair:1:   layout_cave_shapes, basic_altar
Lair:2:   layout_misc_corridors, guppyfry_snake_entry_garden, uniq_nergalle
Lair:3:   layout_roguey, alex1729_swamp_entry_worm_eleionoma
Lair:4:   beast_lair_carwin_large_3, layout_regular_city, slime_entry_2,
          gammafunk_ghost_hydra_chop, minivault_19, st_stairs_5
Lair:5:   hangedman_lair_caniforms_friends, layout_big_grid,
          ebering_ghost_inner_flame, serial_bayou_shore_a,
          infiniplex_staircase_pool
Swamp:1:  gammafunk_sealed_arena, layout_basic_swamp,
          evilmike_swamp_ruin_house_4, uniq_donald
Snake:1:  layout_basic, serial_shops, shop, nicolae_shop_firing_range,
          serial_bayou_shore_b
Snake:2:  nicolae_snake_nest, layout_rooms, minmay_shoptagon
Snake:3:  layout_grid_maze, uniq_azrael
Orc:1:    emtedronai_trogs_sanctum, layout_caves, serial_shops,
          nicolae_shop_real_fake_doors, nicolae_shop_gaudy_bauble,
          nicolae_specific_store, mines1_david
Orc:2:    st_orc_mages, layout_caves, statue_in_the_mist_lemuel

Skill      XL: |  1  2  3  4  5  6  7  8  9 10 11 12 13 14 15 16 |
---------------+-------------------------------------------------+-----
Ranged Weapons | 5 6 7 8 9 11 13 14 15 16 17 20 21 | 21.7
Armour         | 1 2 3 4 5 6 7 |  7.0
Fighting       | 3 4 5 6 7 8 10 12 14 15 | 15.0
Dodging        | 2 3 4 5 6 8 9 10 | 10.2
Invocations    | 4 7 10 | 10.0
Stealth        | |  1.1

Action                     |  1- 3 |  4- 6 |  7- 9 | 10-12 | 13-15 | 16-18 || total
---------------------------+-------+-------+-------+-------+-------+-------++-------
   Fire: Shortbow          |   134 |   243 |   111 |       |       |       ||   488
         Orcbow            |       |       |   201 |   762 |   521 |       ||  1484
         Longbow           |       |       |       |       |   372 |       ||   372
         Hand cannon       |       |       |       |       |   249 |   493 ||   742
 Invoke: Heroism           |       |       |     2 |    24 |    29 |    15 ||    70
         Finesse           |       |       |       |       |     3 |       ||     3
    Use: Scroll            |     5 |     5 |     6 |     6 |    10 |     2 ||    34
         Potion            |       |     2 |     3 |     4 |     4 |     1 ||    14
 Armour: Leather armour    |    17 |       |    74 |   224 |   267 |    89 ||   671
         Ring mail         |     9 |    69 |    21 |       |       |       ||    99
         Robe              |       |       |       |       |       |    12 ||    12
         Skin              |       |       |       |       |       |     2 ||     2
  Dodge: Dodged            |    55 |   119 |   198 |   446 |   760 |   294 ||  1872

Table legend:
 A = Non-vault XP
 B = Vault XP
 C = Vault XP percentage of total XP
 D = Non-vault monster count
 E = Vault monster count
 F = Vault count percentage of total count
                 A         B        C        D         E       F
            +---------+---------+-------+---------+---------+-------
      Total |  138096 |   44421 |  24.3 |     584 |     208 |  26.3
            +---------+---------+-------+---------+---------+-------
        D:1 |      46 |       0 |   0.0 |      28 |       0 |   0.0
        D:2 |     143 |       0 |   0.0 |      19 |       0 |   0.0
        D:3 |      55 |      86 |  61.0 |      12 |       8 |  40.0
        D:4 |      71 |      20 |  22.0 |      12 |       3 |  20.0
        D:5 |     641 |       0 |   0.0 |      23 |       0 |   0.0
        D:6 |     373 |       0 |   0.0 |      10 |       0 |   0.0
        D:7 |     685 |       0 |   0.0 |      15 |       0 |   0.0
        D:8 |    1047 |     274 |  20.7 |      16 |       1 |   5.9
        D:9 |    2135 |       0 |   0.0 |      28 |       0 |   0.0
       D:10 |    4163 |    1195 |  22.3 |      26 |       5 |  16.1
       D:11 |    3760 |     149 |   3.8 |      23 |       5 |  17.9
       D:12 |    6873 |     484 |   6.6 |      27 |       1 |   3.6
       D:13 |    7173 |   12775 |  64.0 |      20 |      36 |  64.3
       D:14 |    7970 |     214 |   2.6 |      20 |       1 |   4.8
       D:15 |    6800 |    5657 |  45.4 |      21 |       7 |  25.0
     Lair:1 |    6654 |       0 |   0.0 |      25 |       0 |   0.0
     Lair:2 |    8844 |    1266 |  12.5 |      28 |       4 |  12.5
     Lair:3 |    7697 |    1028 |  11.8 |      24 |       1 |   4.0
     Lair:4 |    9314 |    4506 |  32.6 |      21 |      11 |  34.4
     Lair:5 |    8750 |   10049 |  53.5 |      26 |      56 |  68.3
    Swamp:1 |    8708 |       0 |   0.0 |      15 |       0 |   0.0
    Snake:1 |    9792 |       0 |   0.0 |      21 |       0 |   0.0
    Snake:2 |   13880 |       0 |   0.0 |      32 |       0 |   0.0
    Snake:3 |   16450 |    1964 |  10.7 |      33 |       7 |  17.5
      Orc:1 |    2590 |       0 |   0.0 |      29 |       0 |   0.0
      Orc:2 |    3482 |    4727 |  57.6 |      30 |      40 |  57.1
    Ossuary |       0 |      27 | 100.0 |       0 |      22 | 100.0
            +---------+---------+-------+---------+---------+-------
